[Event "*** Titled Tuesday Blitz"]
[Site "Chess.com"]
[Date "2021.03.09"]
[Round "5"]
[White "halldorgretar"]
[Black "Lion-Al-Messi"]
[Result "0-1"]
[WhiteElo "2249"]
[BlackElo "2487"]
[TimeControl "180+1"]
[EndTime "10:56:44 PST"]
[Termination "Lion-Al-Messi won on time"]

1. d4 d5 2. c4 c6 3. Nf3 Nf6 4. Nc3 dxc4 5. a4 Bf5 6. Nh4 Bd7 7. e4 e6 8. g3 Bb4 9. Bg2 O-O 10. O-O Qe7 11. Qe2 e5 12. dxe5 Qxe5 13. Qxc4 Bxc3 14. bxc3 Be6 15. Qd4 Nbd7 16. a5 c5 17. Qxe5 Nxe5 18. Bf4 Nd3 19. Bd6 Rfd8 20. e5 Bd5 21. Nf5 Bxg2 22.
Kxg2 Ne4 23. f3 Nxd6 24. exd6 g6 25. Ne7+ Kg7 26. Nd5 Rxd6 27. c4 Ne5 28. Ne3 Rad8 29. f4 Rd2+ 30. Kh3 Nd3 0-1

[Event "*** Titled Tuesday Blitz"]
[Site "Chess.com"]
[Date "2021.03.09"]
[Round "5"]
[White "kamilianin235"]
[Black "beautroll"]
[Result "0-1"]
[WhiteElo "2268"]
[BlackElo "2445"]
[TimeControl "180+1"]
[EndTime "10:56:53 PST"]
[Termination "beautroll won by resignation"]

1. e4 c5 2. Nf3 d6 3. d4 cxd4 4. Nxd4 Nf6 5. Nc3 a6 6. Bc4 e6 7. O-O b5 8. Bb3 Be7 9. Qf3 Qb6 10. Bg5 O-O 11. Rad1 Qb7 12. a3 Bd7 13. Qh3 a5 14. Rfe1 b4 15. axb4 axb4 16. Nb1 Nc6 17. Nxc6 Bxc6 18.
f3 Ra5 19. Bh4 Rh5 20. Qg3 Rxh4 21. Qxh4 Nxe4 22. Qf4 Bg5 0-1

[Event "*** Titled Tuesday Blitz"]
[Site "Chess.com"]
[Date "2021.03.09"]
[Round "5"]
[White "Zhuu96"]
[Black "Azerichess"]
[Result "1-0"]
[WhiteElo "2878"]
[BlackElo "2968"]
[TimeControl "180+1"]
[EndTime "10:56:58 PST"]
[Termination "Zhuu96 won on time"]

1. d4 d5 2. Nf3 c5 3. c3 Nf6 4. Bf4 cxd4 5. cxd4 Nc6 6. Nc3 e6 7. e3 Bd6 8. Bg3 O-O 9. a3 a6 10. Bd3 Re8 11. Ne5 Bxe5 12. dxe5 Nd7 13. f4 Nc5 14.
Bf2 Nxd3+ 15. Qxd3 Bd7 16. O-O Na5 17. Rad1 Bc6 18. Qe2 Qe7 19. Qg4 f5 20. exf6 Qxf6 21. e4 Nc4 22. exd5 exd5 23. Nxd5 Bxd5 24. Rxd5 Qe6 25. Qh5 g6 26. Rg5 Qf7 27. f5 Ne5 28. Bd4 Qd5 29. Qh4 1-0

[Event "*** Titled Tuesday Blitz"]
[Site "Chess.com"]
[Date "2021.03.09"]
[Round "5"]
[White "Loy_Konstantin"]
[Black "Ranindu2003"]
[Result "0-1"]
[WhiteElo "2357"]
[BlackElo "2617"]
[TimeControl "180+1"]
[EndTime "10:56:58 PST"]
[Termination "Ranindu2003 won by resignation"]

1. e4 g6 2. d4 Bg7 3. Nc3 d6 4. f4 a6 5. a4 b5 6. axb5 Nf6 7. Nf3 O-O 8. Bd3 Bb7 9. bxa6 Nxa6 10. O-O c5 11. d5 Nb4 12. Rxa8 Qxa8 13. Bd2 Re8 14. Qa1 Qc8 15. Na2 Nxd3 16. cxd3 Ba6 17. Qb1 Qb7 18.
Bc3 c4 19. dxc4 Bxc4 20. Re1 Ng4 21. h3 Qa7+ 22. Kh1 Nf2+ 23. Kh2 Bxa2 24. Qc2 Bxc3 25. bxc3 Bc4 26. e5 Nd3 27. Re3 Qxe3 0-1

[Event "*** Titled Tuesday Blitz"]
[Site "Chess.com"]
[Date "2021.03.09"]
[Round "5"]
[White "rynos0411"]
[Black "Skatchkov_V"]
[Result "0-1"]
[WhiteElo "2443"]
[BlackElo "2618"]
[TimeControl "180+1"]
[EndTime "10:56:59 PST"]
[Termination "Skatchkov_V won by resignation"]

1. e4 e5 2. Nf3 d5 3. exd5 e4 4.
Qe2 Nf6 5. d3 Qxd5 6. Nbd2 Nc6 7. dxe4 Qc5 8. Qc4 Ng4 9. Qe2 Qxc2 10. h3 Nge5 11. Nxe5 Nxe5 12. Qb5+ Nc6 13. Bd3 Qc5 14. Nb3 Qxb5 15. Bxb5 Bd7 16. Be3 O-O-O 17. O-O-O a6 18. Bc4 f6 19. Nc5 Bxc5 20. Bxc5 Ne5 21. Be2 Bc6 22. f3 h5 23. Rxd8+ Rxd8 24. Rd1 Rh8 25. Be3 Bb5 26. Bxb5 axb5 27. Kc2 c6 28. b3 g5 29. Bb6 Re8 30.
Rd6 Nd7 31. Bd4 Kc7 32. Rxf6 Nxf6 33. Bxf6 g4 34. hxg4 hxg4 35. e5 gxf3 36. gxf3 Kd7 37. f4 Ke6 38. Kc3 Kf5 39. Bg5 Ra8 40. Kb2 b4 41.
Be7 Kxf4 42. Bxb4 Kxe5 43. Bc3+ Ke4 44. a4 Kd3 45. Bb4 Rg8 46. Ka3 Rg2 47. Bd6 Kc2 48.
a5 Rd2 49. Be5 Rd3 50. Kb4 Rxb3+ 51. Kc5 Rb5+ 52. Kd6 Rd5+ 53. Ke6 Rxa5 0-1

[Event "*** Titled Tuesday Blitz"]
[Site "Chess.com"]
[Date "2021.03.09"]
[Round "5"]
[White "Balla_Tamas"]
[Black "lacafi"]
[Result "1-0"]
[WhiteElo "2477"]
[BlackElo "2155"]
[TimeControl "180+1"]
[EndTime "10:57:05 PST"]
[Termination "Balla_Tamas won by checkmate"]

1. d4 f5 2. Nc3 Nf6 3. Bg5 g6 4. Bxf6 exf6 5. e3 Bg7 6. Bd3 O-O 7. h3 d5 8. Qf3 c6 9. Nge2 Qb6 10. O-O-O Na6 11. a3 Qa5 12. g4 fxg4 13. hxg4 f5 14.
Qh3 h6 15. gxf5 Bxf5 16. Bxf5 Rxf5 17. Nf4 Rf6 18. Rdg1 Qc7 19. Rxg6 Rxg6 20. Nxg6 Qf7 21. Nf4 Nc7 22. Qg4 Kh7 23. Nce2 Rg8 24. Qh3 Nb5 25. Qe6 Qxe6 26. Nxe6 Nd6 27. N2f4 Ne4 28. f3 Ng3 29. Ng5+ Kh8 30. Ng6# 1-0

[Event "*** Titled Tuesday Blitz"]
[Site "Chess.com"]
[Date "2021.03.09"]
[Round "5"]
[White "Alex-11211"]
[Black "david_alex"]
[Result "1-0"]
[WhiteElo "2401"]
[BlackElo "2085"]
[TimeControl "180+1"]
[EndTime "10:57:07 PST"]
[Termination "Alex-11211 won by checkmate"]

1. e4 d6 2. d4 Nf6 3. Nc3 g6 4. Be3 Bg7 5. Qd2 O-O 6. f3 c6 7. g4 e5 8. Nge2 Nbd7 9. O-O-O Qc7 10. Ng3 b5 11. g5 Ne8 12. h4 b4 13. Nb1 exd4 14.
Bxd4 Bxd4 15. Qxd4 c5 16. Qd2 Ne5 17. Be2 a5 18. h5 Nc6 19. Bc4 Ba6 20. Bd5 Kg7 21.
hxg6 fxg6 22. Rxh7+ Kxh7 23. Qh2+ Kg7 24. Qh6# 1-0

[Event "*** Titled Tuesday Blitz"]
[Site "Chess.com"]
[Date "2021.03.09"]
[Round "5"]
[White "Herman-NY"]
[Black "dusanacns"]
[Result "0-1"]
[WhiteElo "2459"]
[BlackElo "2718"]
[TimeControl "180+1"]
[EndTime "10:57:10 PST"]
[Termination "dusanacns won by resignation"]

1. e4 g6 2. d4 Bg7 3. Nc3 c6 4.
Bc4 d6 5. Qf3 e6 6. Nge2 Ne7 7.
Bg5 Nd7 8. O-O h6 9. Bh4 b5 10. Bd3 b4 11. Nd1 e5 12. c3 O-O 13. Bxe7 Qxe7 14.
Ne3 bxc3 15. bxc3 Nf6 16. Ng3 h5 17. Rfe1 Ng4 18. Nc2 Bh6 19. Rad1 Nxh2 20. Qe2 Qh4 21. Nf1 Bg4 22. f3 Nxf1 23. Qxf1 Bf4 0-1

[Event "*** Titled Tuesday Blitz"]
[Site "Chess.com"]
[Date "2021.03.09"]
[Round "5"]
[White "eCztery"]
[Black "Homyakova_Elena"]
[Result "1-0"]
[WhiteElo "2435"]
[BlackElo "2265"]
[TimeControl "180+1"]
[EndTime "10:57:12 PST"]
[Termination "eCztery won by checkmate"]

1. e4 c5 2. Nf3 Nc6 3. g3 g6 4. Bg2 Bg7 5. O-O e6 6. c3 Nge7 7. d4 cxd4 8. cxd4 d5 9. e5 O-O 10. Nc3 f6 11. exf6 Bxf6 12. Bh6 Re8 13. Re1 Nf5 14.
Be3 Nxe3 15. Rxe3 Qb6 16. Nxd5 Qd8 17. Nxf6+ Qxf6 18. d5 Nb4 19. Qd4 Nxd5 20. Ne5 Nxe3 21. fxe3 Rd8 22. Qc3 Bd7 23. Rf1 Qg5 24. Nf7 Qe7 25. Nh6# 1-0

[Event "*** Titled Tuesday Blitz"]
[Site "Chess.com"]
[Date "2021.03.09"]
[Round "5"]
[White "LamaChampetre"]
[Black "Kotofeyca"]
[Result "1-0"]
[WhiteElo "2226"]
[BlackElo "2358"]
[TimeControl "180+1"]
[EndTime "10:57:13 PST"]
[Termination "LamaChampetre won by resignation"]

1. d4 d5 2. c4 c6 3. Nf3 Nf6 4. e3 a6 5. Nc3 Bg4 6. Qb3 b5 7. c5 Bxf3 8. gxf3 e5 9. a4 exd4 10. exd4 Nbd7 11. axb5 axb5 12. Rxa8 Qxa8 13. Bxb5 cxb5 14.
Nxb5 Qc6 15. O-O Be7 16. Re1 Nf8 17. Nd6+ Kd7 18. Nxf7 Rg8 19. Ne5+ Kc7 20. Nxc6 Kxc6 21. Qb6+ Kd7 22. c6+ 1-0

[Event "*** Titled Tuesday Blitz"]
[Site "Chess.com"]
[Date "2021.03.09"]
[Round "5"]
[White "Alexandr_Kholin"]
[Black "As0nchess"]
[Result "1-0"]
[WhiteElo "2467"]
[BlackElo "2635"]
[TimeControl "180+1"]
[EndTime "10:57:14 PST"]
[Termination "Alexandr_Kholin won by resignation"]

1. d4 Nf6 2. c4 e6 3. Nf3 b6 4. Nc3 Bb7 5. a3 d5 6. cxd5 Nxd5 7. Nxd5 Qxd5 8. Bf4 Bd6 9. Bxd6 cxd6 10.
Rc1 O-O 11. e3 Nd7 12. Rc7 Bc8 13. Qc2 Nf6 14. Bd3 Qa5+ 15. b4 Qxa3 16. O-O Nd5 17.
Bxh7+ Kh8 18. Ng5 Nxc7 19. Bg6 f5 20. Qd1 1-0

[Event "*** Titled Tuesday Blitz"]
[Site "Chess.com"]
[Date "2021.03.09"]
[Round "5"]
[White "RD4ever"]
[Black "Geller_Jakov"]
[Result "1-0"]
[WhiteElo "2897"]
[BlackElo "2612"]
[TimeControl "180+1"]
[EndTime "10:57:15 PST"]
[Termination "RD4ever won by checkmate"]

1. d4 d5 2. c4 e6 3. Nf3 Nf6 4. g3 c6 5. Bg2 Be7 6. O-O O-O 7. Qb3 b6 8. Nc3 Nbd7 9. Bf4 a5 10. cxd5 exd5 11.
Rac1 Ba6 12. Rfd1 Rc8 13. Ne5 Nxe5 14. dxe5 Nd7 15. Qc2 g5 16. Qf5 gxf4 17. Be4 dxe4 18.
Rxd7 Qe8 19. Nxe4 Kg7 20. gxf4 Rd8 21. Nf6 Qxd7 22. Qxh7# 1-0

[Event "*** Titled Tuesday Blitz"]
[Site "Chess.com"]
[Date "2021.03.09"]
[Round "5"]
[White "jacky72"]
[Black "Genghis_K"]
[Result "1-0"]
[WhiteElo "2736"]
[BlackElo "2908"]
[TimeControl "180+1"]
[EndTime "10:57:16 PST"]
[Termination "jacky72 won by checkmate"]

1. d4 Nf6 2. c4 g6 3. Nc3 Bg7 4. e4 d6 5. Be2 O-O 6. Bg5 c5 7. d5 e6 8. Nf3 exd5 9. cxd5 h6 10. Be3 Nbd7 11. O-O Re8 12. Nd2 a6 13. a4 Rb8 14.
h3 g5 15. f4 gxf4 16. Bxf4 Ne5 17. Qe1 Ng6 18. Bg3 Nh7 19. Kh1 Ne5 20. Qf2 Qe7 21.
Rae1 Bd7 22. Nf3 Rf8 23. Nxe5 Bxe5 24. Bh5 f6 25. Bf4 Qg7 26. Qe3 Ng5 27. h4 Nf7 28. Rf3 Bd4 29. Qd2 Ne5 30. Rg3 Ng4 31. Bxh6 Qh7 32. Bxg4 Kh8 33. Bxd7 Rg8 34. Bf5 Qe7 35. Bf4 Be5 36. Bxe5 Rxg3 37. Qh6+ Kg8 38. Be6+ Qxe6 39. dxe6 dxe5 40. Nd5 Rf8 41. Ne7# 1-0

[Event "*** Titled Tuesday Blitz"]
[Site "Chess.com"]
[Date "2021.03.09"]
[Round "5"]
[White "UmarovSabir"]
[Black "hypert"]
[Result "0-1"]
[WhiteElo "2275"]
[BlackElo "2498"]
[TimeControl "180+1"]
[EndTime "10:57:16 PST"]
[Termination "hypert won on time"]

1. e4 c5 2. Nf3 Nc6 3. Bb5 e6 4. Bxc6 bxc6 5. O-O Qc7 6. d3 Ne7 7. b3 Ng6 8. Bb2 e5 9. Nbd2 Be7 10. Nc4 d6 11. Re1 O-O 12. h3 f5 13. exf5 Bxf5 14.
Ne3 Be6 15. c3 Nf4 16. d4 cxd4 17. cxd4 e4 18. Nh2 d5 19. Nhg4 Bd6 20. Rc1 Rf7 21. Ne5 Bxe5 22. dxe5 Raf8 23. Rc2 Bxh3 24. Ba3 Re8 25.
gxh3 Nxh3+ 26. Kg2 Nf4+ 27. Kh2 Qxe5 28. Bb2 Qg5 29. Qg4 Qh6+ 30. Kg3 Nh5+ 31. Kg2 Rf4 32. Qh3 Qg5+ 33. Kf1 Ng3+ 0-1

[Event "*** Titled Tuesday Blitz"]
[Site "Chess.com"]
[Date "2021.03.09"]
[Round "5"]
[White "vovachesss"]
[Black "Diamantidis_13"]
[Result "1-0"]
[WhiteElo "2689"]
[BlackElo "2368"]
[TimeControl "180+1"]
[EndTime "10:57:19 PST"]
[Termination "vovachesss won by checkmate"]

1. b3 e6 2. Bb2 Nf6 3. e3 b6 4.
Nf3 Bb7 5. d4 c5 6. Nbd2 Be7 7.
Bd3 O-O 8. O-O d6 9. a3 Nbd7 10. c4 cxd4 11. exd4 Re8 12. Re1 Bf8 13. h3 a6 14. Qc2 Rc8 15. Rad1 b5 16. Qb1 bxc4 17. bxc4 Qa5 18. d5 exd5 19. Bxf6 Nxf6 20. Qxb7 Qxa3 21. Bf5 Rb8 22. Qc7 g6 23. Bb1 Rec8 24. Qa7 dxc4 25. Ne4 Nxe4 26. Bxe4 Qc5 27. Qxa6 Rb2 28. Re3 Bh6 29. Rd5 Bxe3 30. Rxc5 Bxf2+ 31. Kh2 Rxc5 32. Qxd6 c3 33. Qf6 Rb8 34. Ne5 Rc7 35. Qxf2 Re8 36.
Ng4 Rxe4 37. Nf6+ Kg7 38. Nxe4 c2 39. Qf6+ Kh6 40. Nd6 c1=Q 41. Nf5+ Kh5 42. g4# 1-0

[Event "*** Titled Tuesday Blitz"]
[Site "Chess.com"]
[Date "2021.03.09"]
[Round "5"]
[White "JiiHart"]
[Black "Eloist"]
[Result "0-1"]
[WhiteElo "2066"]
[BlackElo "2321"]
[TimeControl "180+1"]
[EndTime "10:57:21 PST"]
[Termination "Eloist won by resignation"]

1. e4 e6 2. d4 d5 3. Nc3 Nf6 4.
Bg5 dxe4 5. Nxe4 Be7 6. Bxf6 gxf6 7. Nf3 f5 8. Ng3 c5 9. Qd2 cxd4 10. Qxd4 Qxd4 11.
Nxd4 a6 12. Bd3 Bd7 13. Nge2 Nc6 14. Nxc6 Bxc6 15. f3 Rg8 16. O-O O-O-O 17. Rad1 Bc5+ 18. Kh1 Be3 19. c3 h5 20. Bc2 h4 21. h3 Bb5 22.
Rxd8+ Rxd8 23. Re1 Rd2 24. c4 Bf2 25. cxb5 Bxe1 0-1

[Event "*** Titled Tuesday Blitz"]
[Site "Chess.com"]
[Date "2021.03.09"]
[Round "5"]
[White "SkippingLaptop"]
[Black "thechesscorner64"]
[Result "0-1"]
[WhiteElo "2084"]
[BlackElo "2378"]
[TimeControl "180+1"]
[EndTime "10:57:22 PST"]
[Termination "thechesscorner64 won by resignation"]

1. d4 Nf6 2. c4 e6 3. Nc3 Bb4 4. Qc2 Nc6 5. Nf3 d6 6. Bg5 h6 7. Bh4 O-O 8. e4 e5 9. d5 Nd4 10. Qd3 c5 11. a3 Ba5 12. Be2 Bd7 13. O-O a6 14. b4 Nxe2+ 15. Nxe2 cxb4 16. axb4 Bxb4 17. Rfb1 a5 18. Ng3 b5 19. cxb5 Rb8 20. Nh5 g5 21. Nxg5 Nxh5 22. Nf3 Nf4 23. Qc2 Qc8 24. Qa2 Bg4 0-1

[Event "*** Titled Tuesday Blitz"]
[Site "Chess.com"]
[Date "2021.03.09"]
[Round "5"]
[White "wonderfultime"]
[Black "aa175"]
[Result "1-0"]
[WhiteElo "2972"]
[BlackElo "2572"]
[TimeControl "180+1"]
[EndTime "10:57:25 PST"]
[Termination "wonderfultime won by resignation"]

1. d4 Nf6 2. Nf3 g6 3. Bg5 Bg7 4. Nbd2 d5 5. c3 O-O 6. e3 c5 7. Bd3 Nbd7 8. O-O b6 9. a4 Bb7 10. a5 Qc7 11. Bf4 Qc8 12. h3 Ba6 13. Bxa6 Qxa6 14.
axb6 Qxb6 15. Qc2 c4 16. Ra2 a5 17. Rfa1 Ra6 18. e4 e6 19. e5 Ne8 20. Qa4 Nb8 21.
h4 Nc7 22. h5 Rc8 23. hxg6 hxg6 24. g3 Nc6 25. Kg2 Qb5 26. Qd1 Ne7 27. Qh1 a4 28.
Ng5 Nf5 29. g4 Nh6 30. Qh4 Qc6 31. Ngf3 Qb5 32. Bxh6 Bxh6 33. Qxh6 Qe8 34. Ng5 Rb8 35. Rh1 1-0

[Event "*** Titled Tuesday Blitz"]
[Site "Chess.com"]
[Date "2021.03.09"]
[Round "5"]
[White "ljuks68"]
[Black "Vesper2018"]
[Result "0-1"]
[WhiteElo "2436"]
[BlackElo "2590"]
[TimeControl "180+1"]
[EndTime "10:57:27 PST"]
[Termination "Vesper2018 won by resignation"]

1. e4 c5 2. Nf3 d6 3. d4 cxd4 4. Nxd4 Nf6 5. Nc3 a6 6. Bg5 Nbd7 7. Qe2 e6 8. O-O-O Qc7 9. g4 Be7 10. Bd2 h6 11. h4 b5 12. a3 Bb7 13. Bg2 Nb6 14. g5 Nfd7 15. g6 Qc4 16. gxf7+ Kxf7 17. Qh5+ g6 18. Qf3+ Bf6 19. Nb3 Qc7 20. Bg5 Rac8 21.
Bxf6 Nxf6 22. Qe2 Na4 23. Nxa4 bxa4 24. Na5 Qxa5 25. Rxd6 Qe5 26. Rhd1 Rc7 27. f4 Qxf4+ 28. Kb1 Qe5 29. Bh3 Re8 30. Qe3 Bxe4 31. Qxh6 Bxc2+ 0-1

[Event "*** Titled Tuesday Blitz"]
[Site "Chess.com"]
[Date "2021.03.09"]
[Round "5"]
[White "muchojogo"]
[Black "Fiona"]
[Result "1-0"]
[WhiteElo "2367"]
[BlackElo "2201"]
[TimeControl "180+1"]
[EndTime "10:57:27 PST"]
[Termination "muchojogo won on time"]

1. d4 d6 2. e4 Nf6 3. Nc3 Nbd7 4. Nf3 e5 5. g4 h6 6. h3 Be7 7. Bg2 c6 8. Be3 Qc7 9. Qd2 b5 10. a3 a5 11. O-O O-O 12. dxe5 dxe5 13. Bxh6 gxh6 14.
Qxh6 Re8 15. g5 Bf8 16. Qh4 Nh7 17. Ne2 Bg7 18. Ng3 Ndf8 19. Nf5 Ng6 20. Qg4 Nhf8 21. h4 Nf4 22. h5 Bxf5 23. exf5 Qc8 24. Rfe1 Nd7 25. Nh4 Nxg2 26. Nxg2 e4 27. f6 Bf8 28.
Rxe4 Rxe4 29. Qxe4 Qe8 30. Qxc6 Ne5 31. Qe4 Bc5 32.
Re1 Bd6 33. f4 Bc5+ 34. Kh1 1-0

[Event "*** Titled Tuesday Blitz"]
[Site "Chess.com"]
[Date "2021.03.09"]
[Round "5"]
[White "ENajer77"]
[Black "LileKoridze"]
[Result "1-0"]
[WhiteElo "2613"]
[BlackElo "2441"]
[TimeControl "180+1"]
[EndTime "10:57:28 PST"]
[Termination "ENajer77 won by resignation"]

1. e4 c5 2. Nf3 d6 3. d4 cxd4 4. Nxd4 Nf6 5. Nc3 Nc6 6. Bg5 e6 7. Qd2 a6 8. O-O-O Bd7 9. f3 b5 10. Nxc6 Bxc6 11. Kb1 h6 12. Be3 Qc7 13. Bd3 Rd8 14.
Rhe1 Be7 15. g4 d5 16. e5 Nd7 17. f4 Nc5 18. Bd4 b4 19. Ne2 Ne4 20. Qe3 Rb8 21.
Bxe4 dxe4 22. Ng3 O-O 23. Nxe4 Rfc8 24. Nd6 Bxd6 25. exd6 Qd7 26. Qe5 f5 27. gxf5 exf5 28. Rg1 Rb7 29. Rxg7+ Qxg7 30. Qe6+ Qf7 31. Qxc8+ Kh7 32.
Qh8+ Kg6 33. Rg1+ Kh5 34. Rg5+ 1-0

[Event "*** Titled Tuesday Blitz"]
[Site "Chess.com"]
[Date "2021.03.09"]
[Round "5"]
[White "Grandmaster2B"]
[Black "GM_Crest"]
[Result "1-0"]
[WhiteElo "2550"]
[BlackElo "2761"]
[TimeControl "180+1"]
[EndTime "10:57:30 PST"]
[Termination "Grandmaster2B won by resignation"]

1. e4 e6 2. d4 d5 3. Nd2 Be7 4. Ngf3 Nf6 5. e5 Nfd7 6. Bd3 c5 7. c3 Nc6 8. O-O a5 9. Re1 cxd4 10. cxd4 Qb6 11. a4 Nxd4 12. Nxd4 Qxd4 13. Bb5 O-O 14. Qe2 Nc5 15. Nf3 Qg4 16. h3 Qh5 17. Be3 b6 18. Rac1 Ra7 19. g4 Qxh3 20. Nd4 Rc7 21. Nc6 Bh4 22.
Bxc5 bxc5 23. Rc3 Bxf2+ 24. Qxf2 Qxg4+ 25. Rg3 Qh5 26. Qf6 g6 27. Ne7+ Rxe7 28. Qxe7 c4 29.
Rf1 Qh6 30. Be8 Qg7 31. Rf6 d4 32. Rgf3 Qh6 33. Rxf7 Qc1+ 34. Kh2 Qd2+ 35. Kh3 Qh6+ 36. Kg3 1-0

[Event "*** Titled Tuesday Blitz"]
[Site "Chess.com"]
[Date "2021.03.09"]
[Round "5"]
[White "TooOldTooSlow70"]
[Black "malakismayil"]
[Result "1-0"]
[WhiteElo "2507"]
[BlackElo "2277"]
[TimeControl "180+1"]
[EndTime "10:57:31 PST"]
[Termination "TooOldTooSlow70 won on time"]

1. Nf3 Nf6 2. c4 e6 3. Nc3 d5 4. d4 Bb4 5. Bg5 h6 6. Bxf6 Qxf6 7. e3 Bxc3+ 8. bxc3 Nd7 9. Be2 O-O 10. O-O b6 11. cxd5 exd5 12. Rc1 Bb7 13. Qa4 Qe7 14. Bb5 Nf6 15. Ne5 a6 16. Bc6 b5 17. Qb4 Qxb4 18. cxb4 Rab8 19. Bxb7 Rxb7 20. Rc6 Ra8 21. Rfc1 Raa7 22. a3 a5 23. h3 axb4 24. axb4 Ne8 25. R6c5 Nf6 26. Nc6 Ra4 27. f3 Kf8 28. Ne5 Raa7 29.
Kh2 Ke8 30. g4 Kf8 31. Kg3 g5 32. Rc6 Kg7 33. R1c5 1-0

[Event "*** Titled Tuesday Blitz"]
[Site "Chess.com"]
[Date "2021.03.09"]
[Round "5"]
[White "niki_2003"]
[Black "Etud-otradnoe"]
[Result "0-1"]
[WhiteElo "2045"]
[BlackElo "2319"]
[TimeControl "180+1"]
[EndTime "10:57:32 PST"]
[Termination "Etud-otradnoe won by checkmate"]

1. e4 e6 2. Nf3 d5 3. exd5 exd5 4.
d4 Nf6 5. c3 Be7 6. Bd3 O-O 7. O-O Bg4 8. Be3 Nbd7 9. h3 Bh5 10.
Nbd2 c6 11. Qb3 Qc7 12. c4 dxc4 13. Bxc4 Nb6 14. Be2 Nfd5 15. Rfe1 Rfe8 16. Ne5 Bxe2 17.
Rxe2 Bf6 18. Ng4 Bg5 19. Rae1 Bxe3 20. fxe3 Rad8 21. Ne5 f6 22. Ng4 Kh8 23. Nc4 Nxc4 24. Qxc4 Qg3 25. Qc2 h5 26. Nh2 Rxe3 27. Rxe3 Nxe3 28.
Qe2 Nxg2 29. Qxg2 Qxe1+ 30. Nf1 Rxd4 31. Qg6 Rd5 32. Qg2 Rg5 33. Qxg5 fxg5 34. Kh2 Qxf1 35. h4 gxh4 36. b4 h3 37. a4 Qg2# 0-1

[Event "*** Titled Tuesday Blitz"]
[Site "Chess.com"]
[Date "2021.03.09"]
[Round "5"]
[White "beto-betun"]
[Black "rachidhuilda"]
[Result "1-0"]
[WhiteElo "2222"]
[BlackElo "2278"]
[TimeControl "180+1"]
[EndTime "10:57:34 PST"]
[Termination "beto-betun won by resignation"]

1. d4 Nf6 2. Nf3 d5 3. g3 c6 4. Bg2 Bf5 5. O-O h6 6. c4 e6 7.
b3 Nbd7 8. Bb2 Be7 9. Nbd2 O-O 10. e3 Bh7 11. Qe2 a5 12. a3 Qb6 13. Rad1 Ne4 14.
Nxe4 Bxe4 15. Nd2 Bxg2 16. Kxg2 Nf6 17. f3 c5 18. dxc5 Qxc5 19. cxd5 Nxd5 20. Bd4 Qxa3 21. e4 Nf6 22. Ra1 Qb4 23. Ra4 Qd6 24. e5 Qd8 25.
exf6 Bxf6 26. Bxf6 Qxf6 27. Qb5 Rad8 28. Ne4 Qb2+ 29. Rf2 Qc1 30. Rxa5 Rd1 31. Qxb7 Rg1+ 32. Kh3 h5 33. Rxh5 g6 34. Rh4 Kg7 35. Qb4 e5 36. Qd2 Qxd2 37. Rxd2 f5 38. Ng5 Kf6 39. Nh7+ 1-0

[Event "*** Titled Tuesday Blitz"]
[Site "Chess.com"]
[Date "2021.03.09"]
[Round "5"]
[White "mbojan"]
[Black "Konavets"]
[Result "0-1"]
[WhiteElo "2625"]
[BlackElo "2921"]
[TimeControl "180+1"]
[EndTime "10:57:35 PST"]
[Termination "Konavets won on time"]

1. g3 d5 2. Bg2 Bf5 3. d3 e6 4. Nd2 c5 5. e4 Bg6 6. Nh3 Nc6 7. O-O Nf6 8. c3 Bd6 9. f4 Bh5 10. Qe1 dxe4 11. dxe4 Be7 12. Nf2 h6 13. h3 Bg6 14. g4 O-O 15. e5 Nd5 16. Nfe4 Bh4 17. Qe2 f5 18. exf6 Bxf6 19. Nxf6+ Nxf6 20. Qxe6+ Kh8 21. f5 Re8 22. Qb3 Na5 23. Qb5 Bf7 24. b4 cxb4 25. cxb4 Qd4+ 26. Kh1 Qxa1 27. bxa5 Qxa2 28. Bb2 Bd5 29.
Bxd5 Qxd5+ 30. Qxd5 Nxd5 31. Nc4 Re2 32. Bd4 Rae8 33. Nd6 Re1 34. Nxe8 Rxf1+ 35. Kg2 Re1 36. Nxg7 Kg8 37. Ne6 b5 38. Bxa7 b4 39. Bd4 b3 40.
Kf2 Re4 41. Bb2 Ra4 42. Kf3 Ra2 43. Ke4 Rxb2 44. Kxd5 Rd2+ 45. Ke5 b2 0-1

[Event "*** Titled Tuesday Blitz"]
[Site "Chess.com"]
[Date "2021.03.09"]
[Round "5"]
[White "Sibelephant"]
[Black "sergiochess83"]
[Result "1-0"]
[WhiteElo "3093"]
[BlackElo "2908"]
[TimeControl "180+1"]
[EndTime "10:57:39 PST"]
[Termination "Sibelephant won by resignation"]

1. c4 e5 2. Nc3 Nf6 3. Nf3 Nc6 4. d3 Bb4 5. Bd2 O-O 6. g3 a5 7. Bg2 d6 8. O-O h6 9. Nd5 Bxd2 10. Nxd2 Bf5 11. Rc1 Nh7 12. h4 Bg4 13. Re1 Nd4 14. Ne3 Bc8 15. c5 Nf6 16. cxd6 cxd6 17. Nf3 Nxf3+ 18. Bxf3 Be6 19. Nc4 Rb8 20. a4 b5 21.
axb5 Rxb5 22. Qd2 Rb4 23. Bg2 Bd5 24. Bxd5 Nxd5 25. Ra1 Rb5 26. Rxa5 Rxa5 27. Qxa5 Qxa5 28. Nxa5 Rb8 29. Nc4 Rb3 30. Nxd6 Rxb2 31. Nc4 Rc2 32. Nxe5 Nc3 33. Kf1 1-0

[Event "*** Titled Tuesday Blitz"]
[Site "Chess.com"]
[Date "2021.03.09"]
[Round "5"]
[White "Lupul_Cenusiu"]
[Black "Vyacheslav_N"]
[Result "1-0"]
[WhiteElo "2569"]
[BlackElo "2356"]
[TimeControl "180+1"]
[EndTime "10:57:40 PST"]
[Termination "Lupul_Cenusiu won by resignation"]

1. d4 d5 2. c4 dxc4 3. Nf3 a6 4.
e3 b5 5. Nc3 Bb7 6. a4 c6 7. g3 Nf6 8. Bg2 e6 9. O-O Be7 10. Ne5 Nd5 11. e4 Nb4 12. Be3 O-O 13. b3 cxb3 14. Qxb3 Nd7 15. Nxd7 Qxd7 16. Rfd1 Rfd8 17.
h4 Qe8 18. Rd2 Rd7 19. Bh3 Rad8 20. d5 cxd5 21. exd5 Nxd5 22. axb5 Nxc3 23. bxa6 Ba8 24. Rxd7 Qxd7 25. Bg2 Bxg2 26. Kxg2 Nd5 27. a7 Qc6 28. Kh2 h5 29. Qb8 Nxe3 30. Qxd8+ Kh7 31. a8=Q 1-0

[Event "*** Titled Tuesday Blitz"]
[Site "Chess.com"]
[Date "2021.03.09"]
[Round "5"]
[White "DinaBelenkaya"]
[Black "KonstantinB_1983"]
[Result "1-0"]
[WhiteElo "2363"]
[BlackElo "2495"]
[TimeControl "180+1"]
[EndTime "10:57:41 PST"]
[Termination "DinaBelenkaya won by resignation"]

1. e4 c6 2. d3 d5 3. Nd2 g6 4. g3 Bg7 5. Bg2 Nf6 6. e5 Nfd7 7. f4 O-O 8. Ngf3 Nb6 9. O-O f6 10.
d4 Bg4 11. h3 Bxf3 12. Nxf3 Qc8 13. b3 a5 14. a4 Na6 15. Ba3 Qc7 16. Re1 Rfe8 17. h4 Rad8 18. Bh3 f5 19. e6 c5 20. c3 cxd4 21. cxd4 Qc3 22. Rc1 Bxd4+ 23. Kg2 Bg7 24. Rxc3 Bxc3 25. Re2 d4 26. Qd3 Nd5 27.
Bxf5 gxf5 28. Qxf5 Nf6 29. Ne5 Rd5 30. Bxe7 Rxe7 31.
Qxf6 Rg7 32. e7 Nc7 33. e8=Q+ Nxe8 34. Qe6+ Kf8 35. Qxd5 1-0

[Event "*** Titled Tuesday Blitz"]
[Site "Chess.com"]
[Date "2021.03.09"]
[Round "5"]
[White "drragnar1"]
[Black "Pelopidass"]
[Result "0-1"]
[WhiteElo "2424"]
[BlackElo "2571"]
[TimeControl "180+1"]
[EndTime "10:57:43 PST"]
[Termination "Pelopidass won by resignation"]

1. Nf3 Nf6 2. g3 d5 3. Bg2 c5 4. c4 d4 5. d3 Nc6 6. O-O e5 7. Ne1 Bd6 8. a3 a5 9. e4 dxe3 10.
fxe3 O-O 11. Nc3 Bg4 12. Bf3 Bxf3 13. Nxf3 e4 14. Ng5 exd3 15. Qxd3 Ne5 16. Qf5 h6 17. Nge4 Nxe4 18. Nxe4 Qe7 19. Bd2 Nxc4 20. Rad1 Be5 21.
Bc1 Rad8 22. b3 Nd6 23. Nxd6 Rxd6 24. Rde1 Rf6 25. Qe4 Rxf1+ 26. Rxf1 Re8 27. Qd5 b6 28. e4 Bd4+ 29. Kg2 Qe6 30. Qe5 Qxe5 0-1